 Dungeon Crawl Stone Soup version 0.29.1-4-g47bece8355 (webtiles) character file.

Game seed: 18234881829513927367

577 LustLizard the Shooter (level 7, -1/33 HPs)
             Began as a Spriggan Hunter on Dec 3, 2022.
             Slain by Grinder (3 damage)
             ... while paralysed by Grinder
             ... on level 3 of the Dungeon.
             The game lasted 00:05:56 (2895 turns).

LustLizard the Shooter (Spriggan Hunter)            Turns: 2895, Time: 00:05:57

Health: -1/33      AC:  2    Str:  7    XL:     7   Next: 13%
Magic:  8/8        EV:  4    Int: 10    God:
Gold:   174        SH:  0    Dex: 21    Spells: 6/6 levels left

rFire   . . .      SeeInvis +   a - +0 shortbow
rCold   . . .      Faith    .   (shield currently unavailable)
rNeg    . . .      Spirit   .   c - +0 robe
rPois   .          Reflect  .   (helmet restricted)
rElec   .          Harm     .   (no cloak)
rCorr   .          Rampage  .   (gloves unavailable)
Will    +....                   (boots unavailable)
Stlth   ++++......              (no amulet)
HPRegen 0.11/turn               i - +4 ring of slaying
MPRegen 0.11/turn               (no ring)

@: paralysed, very quick
A: very small, no large weapons, unfitting armour, see invisible, speed 3
a: no special abilities


You were on level 3 of the Dungeon.
You visited 1 branch of the dungeon, and saw 4 of its levels.

You collected 174 gold pieces.

Inventory:

Hand Weapons
 a - a +0 shortbow (weapon)
Armour
 c - a +0 robe (worn)
Jewellery
 i - a +4 ring of slaying (left hand)
Wands
 m - a wand of flame (36)
Scrolls
 b - a scroll of immolation
 e - 2 scrolls of magic mapping {unknown}
 g - a scroll of identify
 j - 3 scrolls of teleportation
 l - a scroll of amnesia {unknown}
 q - a scroll of fear {unknown}
Potions
 d - 4 potions of curing
 f - 2 potions of resistance
 h - a potion of magic {unknown}
 k - a potion of heal wounds {unknown}
 n - 2 potions of lignification
 o - 3 potions of degeneration
 p - a potion of flight {unknown}


   Skills:
 - Level 1.5 Fighting
 * Level 7.5 Ranged Weapons
 - Level 2.6 Dodging
 + Level 6.9 Stealth


You had 6 spell levels left.
You didn't know any spells.
Your spell library was empty.

Dungeon Overview and Level Annotations

Branches:
Dungeon (4/15)
 Temple: D:4-7

Altars:
Trog

Annotations:
D:3 Grinder


Innate Abilities, Weirdness & Mutations

You are very small and have problems with some larger weapons.
You are too small for most types of armour.
You have supernaturally acute eyesight. (SInv)
You cover ground extremely quickly. (Speed+++)


Message History

You see here an orb of mayhem.
There is a stone staircase leading down here.
Okay, then.
You start resting.
HP restored.
Okay, then.
Okay, then.
You climb downwards.
Level annotation: Grinder
Found a scroll labelled FAPSAAR KAY and a scroll labelled UMEJ IX ZUE.
There is a stone staircase leading up here.
Okay, then.
e - 2 scrolls labelled FAPSAAR KAY (gained 1)
q - a scroll labelled UMEJ IX ZUE
Okay, then.
There is a stone staircase leading up here.
As you read the scroll labelled SUOCHU CUKI, it crumbles to dust.
You feel strangely unstable.
It was a scroll of teleportation.
You climb upwards.
There is a stone staircase leading down here.
Your surroundings suddenly seem different.
Things that are here:
a +0 robe; a +1 whip of freezing; the kobold corpse of Pikel
There is a stone staircase leading down here.
You climb downwards.
Level annotation: Grinder Grinder gestures at you.
You resist with significant effort.
There is a stone staircase leading up here.
Grinder hits you!
You writhe in agony.
You climb upwards.
There is a stone staircase leading down here.
Grinder gestures at you.
You suddenly lose the ability to move!
Grinder hits you but does no damage. Grinder hits you.
You writhe in agony.
Grinder hits you!
* * * LOW HITPOINT WARNING * * *
You writhe in agony.
You die...

#### #...#.# #
#####.# # #.# #
#.#
################.#
................>#
################.#
######### #5#
#....รท..# #@#
#.......###.#
#.......[...#
###........####
#.........##
##.######### #..#
###.## .[..#


You could see Grinder.

Vanquished Creatures
  Pikel (D:3)
  4 lemures (D:4)
  Jessica (D:3)
  5 adders
  2 adder skeletons (D:2)
  3 worms
  A dart slug (D:1)
  3 orcs (D:3)
  A bat zombie (D:2)
  5 endoplasms
  2 giant cockroaches
  7 goblins
  5 hobgoblins
  3 jackals (D:1)
  6 kobolds
  A quokka (D:3)
  5 ball pythons
  A ball python skeleton (D:2)
  4 bats
  2 frilled lizards (D:2)
  A quokka zombie (D:2)
  4 rats
67 creatures vanquished.

Notes
Turn   | Place    | Note
-------+----------+-------------------------------------------
     0 | D:1      | LustLizard the Spriggan Hunter began the quest for the Orb.
     0 | D:1      | Reached XP level 1. HP: 10/10 MP: 2/2
    81 | D:1      | Reached XP level 2. HP: 6/14 MP: 3/3
  1067 | D:2      | Reached XP level 3. HP: 18/18 MP: 4/4
  1124 | D:2      | Reached skill level 5 in Ranged Weapons
  1706 | D:3      | Reached XP level 4. HP: 22/22 MP: 5/5
  1800 | D:3      | Found a bloodstained altar of Trog.
  1951 | D:3      | Noticed Jessica
  1955 | D:3      | Killed Jessica
  2078 | D:3      | Reached XP level 5. HP: 25/25 MP: 6/6
  2360 | D:4      | Noticed a lemure
  2361 | D:4      | Noticed a lemure
  2361 | D:4      | Noticed a lemure
  2371 | D:4      | Noticed Pikel
  2376 | D:4      | Noticed a lemure
  2378 | D:4      | Killed a lemure
  2428 | D:4      | Killed a lemure
  2436 | D:4      | Killed a lemure
  2449 | D:4      | Killed a lemure
  2724 | D:4      | Noticed Grinder
  2756 | D:3      | Killed Pikel
  2757 | D:3      | Reached skill level 7 in Ranged Weapons
  2757 | D:3      | Reached XP level 6. HP: 21/30 MP: 7/7
  2757 | D:3      | Reached XP level 7. HP: 23/33 MP: 8/8
  2891 | D:3      | Paralysed by Grinder for 4 turns
  2895 | D:3      | Slain by Grinder

Illustrated notes

Levels and vault maps discovered:
D:1:      ebering_hopf_link, layout_basic, grunt_decor_resistance
D:2:      layout_loops_corners, serial_undead, serial_undead_c, serial_undead_d,
          serial_undead_b, serial_undead_d, serial_undead_e, serial_undead_d,
          serial_undead_d
D:3:      layout_basic, bloody_trog, uniq_jessica
D:4:      layout_layer_cave, mainiacjoe_overflow_alcove_1,
          amcnicky_altar_gilded, minmay_temple_entry_mist, uniq_pikel,
          uniq_duvessa, uniq_grinder, uniq_eustachio

Skill      XL: |  1  2  3  4  5 |
---------------+----------------+-----
Stealth        | 2 3 4 6 |  6.9
Ranged Weapons | 5 7 |  7.5
Fighting       | |  1.5
Dodging        | |  2.6

Action                   |  1- 3 |  4- 6 |  7- 9 || total
-------------------------+-------+-------+-------++-------
 Fire: Shortbow          |    90 |   104 |       ||   194
  Use: Scroll            |       |     4 |     1 ||     5
Armor: Robe              |     5 |     1 |     1 ||     7
Dodge: Dodged            |    20 |    27 |       ||    47
